 Dungeon Crawl Stone Soup version 0.31-a0-596-g831eee08f1 (webtiles) character file.

Game seed: 6333880073067262110

763 gruber the Summoner (level 7, 21/36 HPs)
             Began as a Tengu Summoner on Aug 20, 2023.
             Was an Initiate of Okawaru.
             Quit the game on level 6 of the Dungeon.
             The game lasted 00:06:35 (4873 turns).

gruber the Summoner (Tengu Summoner)                Turns: 4873, Time: 00:06:36

Health: 21/36      AC:  5    Str:  8    XL:     7   Next: 81%
Magic:  20/20      EV: 32    Int: 18    God:    Okawaru [......]
Gold:   442        SH:  0    Dex: 14    Spells: 4/10 levels left

rFire   . . .        n - +2 war axe (venom)
rCold   . . .        (no shield)
rNeg    . . .        a - +0 robe
rPois   .            (helmet restricted)
rElec   .            (no cloak)
rCorr   .            o - +2 pair of gloves
SInv    .            (boots unavailable)
Will    .....        m - amulet of the acrobat
Stlth   ++           D - ring of magical power
HPRegen 0.26/turn    (no ring)
MPRegen 0.17/turn

%: acrobat
@: acrobatic, flying quickly and evasively, quick
A: beak, talons 3, nimble flight
a: Renounce Religion


You were on level 6 of the Dungeon.
You worshipped Okawaru.
Okawaru was noncommittal.
You visited 2 branches of the dungeon, and saw 7 of its levels.

You collected 442 gold pieces.

Inventory:

Hand Weapons
 c - a +0 dagger
 n - a +2 war axe of venom (weapon)
 A - a +1 vampiric halberd
Missiles
 z - a throwing net
Armour
 a - a +0 robe (worn)
 o - a +2 pair of gloves (worn)
Magical Staves
 v - a staff of fire
Jewellery
 m - an amulet of the acrobat (around neck)
 D - a ring of magical power (left hand)
Wands
 C - a wand of flame (31)
Scrolls
 e - 2 scrolls of fear {unknown}
 f - 9 scrolls of identify {unknown}
 h - a scroll of poison {unknown}
 i - a scroll of amnesia {unknown}
 k - a scroll of enchant weapon {unknown}
 p - a scroll of vulnerability {unknown}
 q - a scroll of fog {unknown}
 r - a scroll of blinking {unknown}
 t - a scroll of teleportation {unknown}
 u - a scroll of immolation {unknown}
 y - a scroll of enchant armour {unknown}
Potions
 b - a potion of magic
 d - a potion of berserk rage {unknown}
 g - 2 potions of attraction {unknown}
 j - 3 potions of enlightenment {unknown}
 l - a potion of curing {unknown}
 s - a potion of cancellation {unknown}
 w - a potion of lignification {unknown}
 x - a potion of might {unknown}
 B - a potion of mutation {unknown}


   Skills:
 - Level 6.0 Dodging
 - Level 2.0 Stealth
 - Level 2.0 Spellcasting
 - Level 9.3 Summonings


You had 4 spell levels left.
You knew the following spells:

 Your Spells              Type           Power      Damage    Failure   Level
a - Summon Small Mammal   Summ           100%       N/A       1%          1
b - Call Imp              Summ           70%        N/A       1%          2
c - Call Canine Familiar  Summ           35%        N/A       1%          3

Your spell library contained the following spells:

 Spells                   Type           Power      Damage    Failure   Level
 Apportation              Tloc           2%         N/A       19%         1
 Magic Dart               Conj           4%         1d3       19%         1
 Necrotise                Necr           4%         1d4       19%         1
 Mephitic Cloud           Conj/Pois/Air  1%         N/A       47%         3
 Ozocubu's Refrigeration  Ice            0%         4d7       100%        7
 Polar Vortex             Ice            0%         N/A       100%        9
 Summon Guardian Golem    Hex/Summ       Unusable   N/A       N/A         3
 Summon Lightning Spire   Summ/Air       Unusable   N/A       N/A         4
 Simulacrum               Ice/Necr       Unusable   N/A       N/A         6

Dungeon Overview and Level Annotations

Branches:
Dungeon (6/15)             Temple (1/1) D:5

Altars:
Ashenzari
Cheibriados
Dithmenos
Elyvilon
Fedhas
Hepliaklqana
Kikubaaqudgha
Nemelex Xobeh
Okawaru
Sif Muna
Trog
Uskayaw
Vehumet
Wu Jian
Xom
Yredelemnul
Zin
The Shining One

Shops:
D:1 :


Innate Abilities, Weirdness & Mutations

You have a beak for a mouth.
You have claws for feet.
Your magical nature lets you fly swiftly and evasively.


Message History

An orc comes into view. It is wielding a +0 club.
The orc shouts!
You hear a shout! x3 3 orcs and a sleepcap come into view.
Found an escape hatch in the ceiling.
The orc completely misses you.
You hit the sleepcap. You claw the sleepcap.
You peck the sleepcap, but do no damage.
The sleepcap is moderately damaged.
You hit the orc. You barely miss the orc. The orc barely misses you.
The orc closely misses you. The sleepcap releases spores at you.
You are engulfed in a cloud of soporific spores!
You fall asleep.
The sleepcap releases spores at you but does no damage.
The orc hits you with a +0 club!
You wake up.
Unknown command.
Casting: Summon Small Mammal (safe; 1% risk of failure)
Confirm with . or Enter, or press ? or * to list all spells.
You cannot coerce anything to answer your summons.
Unknown command.
Unknown command.
Unknown command.
Casting: Summon Small Mammal (safe; 1% risk of failure)
Confirm with . or Enter, or press ? or * to list all spells.
You cannot coerce anything to answer your summons.
Unknown command.
Unknown command.
Cleave: n) +2 war axe (venom)
Press: ? - help, Dir - move target, f - you
Okay, then.
Unknown command.
Casting: Summon Small Mammal (safe; 1% risk of failure)
Confirm with . or Enter, or press ? or * to list all spells.
You cannot coerce anything to answer your summons.
Unknown command.
Casting: Summon Small Mammal (safe; 1% risk of failure)
Confirm with . or Enter, or press ? or * to list all spells.
You cannot coerce anything to answer your summons.
Unknown command.
Unknown command.
Are you sure you want to abandon this character and quit the game? (Confirm with "yes".)

####+### #.# . .......# #.#
. ###....# #.#########.#.#
.#
#....#####...........#.##.#
#........#.# #.o..# #o...
###........#.# #.##.####.o#
#..........#.# #f##..o.#..#
#.#.########.# #.#####oo..#
#............# #@#
##.>......
.....^.......###.#
###......
#...#............# .......
.<..#.#####.###### .....<#
..#.#.# #........ ..≈≈###
#.#.#.# ######### ..≈##
#.#.#.# ≈# #.#.#.# ....#.#


You could see a sleepcap and an orc.

Vanquished Creatures
  An ice beast (D:5)
  A black bear (D:5)
  A scorpion (D:5)
  A crimson imp (D:4)
  2 hounds
  An iguana (D:4)
  A mummy (D:5)
  3 adders
  An ufetubus (D:6)
  2 worms
  2 dart slugs
  3 orcs
  A bat zombie (D:4)
  8 endoplasms
  3 giant cockroaches
  6 goblins
  4 hobgoblins
  8 jackals
  5 quokkas
  6 ball pythons
  8 bats
  2 frilled lizards (D:1)
  2 goblin skeletons (D:4)
  2 hobgoblin zombies (D:4)
  5 kobolds
  A kobold skeleton (D:4)
  2 kobold zombies (D:4)
  An orc skeleton (D:4)
  An orc zombie (D:4)
  4 rats
  A rat zombie (D:4)
89 creatures vanquished.

Vanquished Creatures (collateral kills)
  An ogre (D:5)
  An orc priest (D:5)
  An iguana (D:3)
  An orc wizard (D:5)
  3 gnolls (D:5)
  3 adders (D:2)
  A worm (D:2)
  A dart slug (D:1)
  An orc (D:5)
  A ball python (D:1)
  3 bats (D:2)
  A giant cockroach (D:2)
  A goblin (D:1)
  A hobgoblin (D:2)
  3 jackals
  3 kobolds
  A hobgoblin zombie (D:4)
  A kobold skeleton (D:4)
  A rat (D:1)
29 creatures vanquished.

Grand Total: 118 creatures vanquished

Notes
Turn   | Place    | Note
-------+----------+-------------------------------------------
     0 | D:1      | gruber the Tengu Summoner began the quest for the Orb.
     0 | D:1      | Reached XP level 1. HP: 10/10 MP: 4/4
    12 | D:1      | Reached skill level 5 in Summonings
   124 | D:1      | Reached XP level 2. HP: 5/15 MP: 3/6
   182 | D:1      | Found Abiovot's Book Emporium.
   423 | D:1      | Reached XP level 3. HP: 17/19 MP: 4/7
   424 | D:1      | Reached skill level 6 in Summonings
   429 | D:1      | Learned a level 2 spell: Call Imp
   433 | D:1      | Learned a level 3 spell: Call Canine Familiar
  1096 | D:2      | Reached XP level 4. HP: 17/24 MP: 2/8
  1516 | D:2      | Reached skill level 7 in Summonings
  1837 | D:3      | Found a glowing silver altar of Zin.
  1974 | D:3      | Gained mutation: Your magical nature lets you fly swiftly
                  | and evasively. [Tengu growth]
  1974 | D:3      | Reached XP level 5. HP: 28/28 MP: 4/9
  2049 | D:3      | Found a shimmering altar of Xom.
  2050 | D:3      | Found a hazy altar of Hepliaklqana.
  2050 | D:3      | Noticed a caustic shrike
  2051 | D:3      | Noticed a spectral ugly thing
  2051 | D:3      | Noticed a caustic shrike
  2346 | D:3      | Noticed a golden eye
  2348 | D:3      | Found a faded altar of an unknown god.
  2350 | D:3      | Noticed a golden eye
  2350 | D:3      | Noticed a floating eye
  2350 | D:3      | Noticed a golden eye
  2990 | D:4      | Reached skill level 8 in Summonings
  3109 | D:4      | Found a glowing golden altar of the Shining One.
  3116 | D:4      | Reached XP level 6. HP: 32/32 MP: 10/10
  3159 | D:4      | Found an ancient bone altar of Kikubaaqudgha.
  3283 | D:4      | Found a basalt altar of Yredelemnul.
  3632 | D:5      | Entered Level 5 of the Dungeon
  3640 | D:5      | Found a staircase to the Ecumenical Temple.
  3677 | D:5      | Reached skill level 9 in Summonings
  3871 | D:5      | Reached XP level 7. HP: 25/36 MP: 2/11
  4215 | D:5      | Reached skill level 5 in Dodging
  4355 | D:5      | Found a shadowy altar of Dithmenos.
  4456 | Temple   | Entered the Ecumenical Temple
  4469 | Temple   | Became a worshipper of Warmaster Okawaru
  4635 | D:5      | Found a snail-covered altar of Cheibriados.
  4716 | D:5      | Found a shimmering blue altar of Sif Muna.
  4745 | D:5      | Found a broken altar of Ashenzari.
  4873 | D:6      | Quit the game

Illustrated notes

Levels and vault maps discovered:
D:1:      dpeg_arrival_tiny_f, layout_basic, serial_shops, shop,
          grunt_decor_junction
D:2:      layout_loops_cross
D:3:      layout_basic, regret_index_temple_of_mockery,
          mainiacjoe_overflow_paths, hellmonk_ecumenical_altar_watching_god,
          minmay_circle_x
D:4:      layout_gridville, lemuel_zombie_altar_kikubaaqudgha,
          yredelemnul_altar_generic, nicolae_tso_besieged_by_evil
D:5:      layout_cave_pools, kennysheep_mini, slow_altar_2,
          mainiacjoe_overflow_two_lobes, minmay_temple_entry_stoned_glass,
          hangedman_glass_teeth
D:6:      layout_basic, lightli_temple_of_fire, minivault_1
Temple:   nicolae_temple_superstar

Skill      XL: |  1  2  3  4  5  6  7 |
---------------+----------------------+-----
Summonings     | 5 6 7 8 9 |  9.3
Dodging        | 3 6 |  6.0
Stealth        | |  2.0
Spellcasting   | |  2.0

Action                     |  1- 3 |  4- 6 |  7- 9 || total
---------------------------+-------+-------+-------++-------
  Melee: Unarmed           |     4 |       |       ||     4
         Dagger            |    50 |    17 |       ||    67
         Peck              |     7 |    14 |     4 ||    25
         Kick              |    16 |    20 |     7 ||    43
         War axe           |       |    84 |    18 ||   102
   Cast: Summon Small Mamm |    28 |    18 |     4 ||    50
         Call Canine Famil |     2 |    13 |     5 ||    20
         Call Imp          |     2 |     3 |     3 ||     8
   Stab: Sleeping          |     3 |    10 |       ||    13
         Distracted        |     1 |       |     1 ||     2
 Armour: Robe              |    17 |    11 |     3 ||    31
  Dodge: Dodged            |    48 |    75 |    30 ||   153

Table legend: (Time is in decaauts)
 A = Elapsed time spent in this place.
 B = Non-inter-level travel time spent in this place.
 C = Inter-level travel time spent in this place.
 D = Time resting spent in this place.
 E = Time spent auto-exploring this place.
 F = Levels seen in this place.
 G = Mean time per level.
                   A        B        C        D        E       F      G
               +--------+--------+--------+--------+--------+-----+--------+
         Total |   4723 |   4560 |    163 |      0 |   3716 |   7 |  674.7 |
       Dungeon |   4699 |   4559 |    140 |      0 |   3716 |   6 |  783.2 |
        Temple |     24 |      1 |     23 |      0 |      0 |   1 |   24.0 |
               +--------+--------+--------+--------+--------+-----+--------+

Top non-repeatable levels by time:
     D:5: 1086 daAuts
     D:2: 976 daAuts
     D:3: 904 daAuts
     D:1: 849 daAuts
     D:4: 815 daAuts
     D:6: 66 daAuts
  Temple: 24 daAuts
